AoeStats
← Blazing Cartesia, The Virtuous

Arabia

507649194Analyzed
1v1 RM · 13d ago on Sep 19, 2026· 36m 40s· 2 players
Game mode
Random Map
Map size
Tiny (2 player)
Population
200
Speed
Normal
Resources
Standard
Victory
Conquest
Starting age
Dark Age
Ending age
Imperial Age
RankedLock teamsTeams togetherTeam positionsShared explorationLock speedFull tech treeHidden civsTurbo modeCheats
Victory
Defeat
🇨🇱 Vietnamese · Chile
1180
+15
1166
-15
Blazing Cartesia, The Virtuous
7:09 Loom
10:47 Feudal Age
14:52 Double-Bit Axe
17:13 Fletching
22:09 Castle Age
21:09 Horse Collar
22:33 Forging
22:57 Squires
23:10 Bow Saw
23:48 Heavy Plow
24:48 Arson
29:04 Gold Mining
shiki232
6:48 Loom
10:19 Feudal Age
10:29 Man-at-Arms
11:14 Town Watch
12:33 Double-Bit Axe
18:58 Wheelbarrow
19:49 Fletching
20:00 Padded Archer Armor
25:08 Castle Age
23:09 Gold Mining
23:45 Horse Collar
25:14 Crossbowman
26:06 Thumb Ring
25:59 Bodkin Arrow
Connection lost

Rejoining the realm…

Still unreachable

The connection could not be restored.

Session expired

The server has moved on; the page needs a fresh start.